 Dungeon Crawl Stone Soup version 0.21-a0-251-g5e8393f (webtiles) character file.

198632 Leszczynek the Grappler (level 17, -7/170 HPs)
             Began as a Troll Skald on Sept 5, 2017.
             Was the Champion of Okawaru.
             Splashed by a deep elf sorcerer's acid (15 damage)
             ... on level 3 of the Elven Halls.
             The game lasted 01:28:17 (13909 turns).

Leszczynek the Grappler (Troll Skald)              Turns: 13909, Time: 01:28:18

Health: -7/170     AC: 21    Str: 32    XL:     17   Next: 37%
Magic:  21/22      EV: 19    Int: 16    God:    Okawaru [******]
Gold:   764        SH: 21    Dex: 24    Spells: 7/18 levels left

rFire    + + .     SeeInvis .     - Unarmed
rCold    + + .     Gourm    +   t - +0 shield
rNeg     + + .     Faith    .   S - +0 ice dragon scales of Restlessness {god gift, +Fly rPois rF- rC++ Dex+4}
rPois    +         Spirit   .   z - +2 hat {god gift}
rElec    .         Reflect  +   m - +2 cloak {MR+}
rCorr    .         Harm     .   (gloves unavailable)
MR       ++...     NoTele   +   (boots unavailable)
Stlth    ++........             p - +6 amulet of reflection
HPRegen  0.78/turn              X - ring of the Tormentor {rN++ Str+4 Int+3 Dex+3}
MPRegen  0.18/turn              Z - ring "Riptowot" {-Tele rPois rF+ Str+3 Dex+9}

@: heroism, corroded, berserk cooldown, slowed, very slow
A: unfitting armour, claws 3, rugged brown scales 1, slimy green scales 1,
blurry vision 1, clumsy 1, fire resistance 2, fast metabolism 3, gourmand,
regeneration 1, shaggy fur 1, strong 1, tough skin 2, wild magic 1
}: 2/15 runes: serpentine, barnacled
a: Heroism, Finesse, Renounce Religion, Evoke Flight


You were on level 3 of the Elven Halls.
You worshipped Okawaru.
Okawaru was exalted by your worship.
You were completely stuffed.

You visited 7 branches of the dungeon, and saw 35 of its levels.
You also visited: Labyrinth.

You collected 2264 gold pieces.
You spent 1500 gold pieces at shops.

Inventory:

Hand Weapons
 b - a +5 blowgun
Missiles
 q - 2 throwing nets
 w - 25 large rocks (quivered)
 U - 10 curare-tipped needles
Armour
 m - a +2 cloak of magic resistance (worn)
 t - a +0 shield (worn)
 z - a +2 hat (worn) {god gift}
 H - a scarf of resistance {god gift}
 I - the +1 cloak of Starlight {god gift, rElec rC+ EV+4 Stlth--}
   (Okawaru gifted it to you on level 3 of the Elven Halls)

   It affects your evasion (+4).
   It protects you from cold.
   It insulates you from electricity.
   It makes you much less stealthy.
 L - +1 acid dragon scales
 S - the +0 ice dragon scales of Restlessness (worn) {god gift, +Fly rPois rF- rC++ Dex+4}
   (Okawaru gifted it to you on level 4 of the Snake Pit)

   It affects your dexterity (+4).
   It makes you vulnerable to fire.
   It greatly protects you from cold.
   It protects you from poison.
   It lets you fly.
 W - a +2 troll leather armour {god gift}
Jewellery
 k - an uncursed ring of see invisible
 p - a +6 amulet of reflection (around neck)
 A - the ring "Gudinoul" {rElec MR- Int+6 Dex+6}
   (You acquired it on level 4 of the Shoals)

   [ring of intelligence]

   It affects your intelligence (+6).
   It affects your dexterity (+6).
   It insulates you from electricity.
   It affects your resistance to hostile enchantments.
 M - the ring "Meity" {Ice MR+ Str+2 Dex-2}
   (You found it in a labyrinth)

   [ring of ice]

   It enhances your ice magic.
   It affects your strength (+2).
   It affects your dexterity (-2).
   It makes you vulnerable to fire.
   It protects you from cold.
   It affects your resistance to hostile enchantments.
 X - the ring of the Tormentor (left claw) {rN++ Str+4 Int+3 Dex+3}
   (You bought it in a shop on level 2 of the Orcish Mines)

   [ring of dexterity]

   It affects your strength (+4).
   It affects your intelligence (+3).
   It affects your dexterity (+3).
   It greatly protects you from negative energy.
 Z - the ring "Riptowot" (right claw) {-Tele rPois rF+ Str+3 Dex+9}
   (You found it on level 11 of the Dungeon)

   [ring of protection from fire]

   It affects your strength (+3).
   It affects your dexterity (+9).
   It protects you from fire.
   It protects you from poison.
   It prevents most forms of teleportation.
Wands
 f - a wand of lightning (3/15)
 s - a wand of paralysis (12/24)
 E - a wand of disintegration (13/24)
 F - a wand of acid (8/15)
 N - a wand of digging (3/24)
 Q - a wand of confusion (23/48)
 R - a wand of iceblast (7/15)
 V - a wand of enslavement (14/24)
Scrolls
 e - 3 scrolls of fear
 g - 3 scrolls of amnesia
 i - 8 scrolls of teleportation
 l - a scroll of magic mapping
 o - 4 scrolls of fog
 y - a scroll of enchant armour
 G - 11 scrolls of remove curse {@r2}
 O - 3 scrolls of blinking
Potions
 a - a potion of berserk rage {!q}
 c - 3 potions of brilliance
 n - 4 potions of curing {@q1}
 u - 2 potions of lignification {!q}
 v - a potion of mutation {unknown}
 x - a potion of cancellation
 C - a potion of agility
 D - a potion of ambrosia {unknown}
 T - 3 potions of flight
Books
 K - a book of Geomancy

   Spells                             Type                      Level
   a - Sandblast                      Earth                        1
   b - Passwall                       Transmutation/Earth          2
   c - Stone Arrow                    Conjuration/Earth            3
   d - Petrify                        Transmutation/Earth          4
   e - Lee's Rapid Deconstruction     Earth                        5
Miscellaneous
 B - a lamp of fire (inert)
 J - a sack of spiders
 P - a phial of floods
 Y - a lightning rod (4/4)
Comestibles
 d - 8 bread rations
 h - 14 chunks of flesh
 j - 12 meat rations
 r - 3 royal jellies


   Skills:
 - Level 10.0(15.0) Fighting
 - Level 8.0(13.0) Throwing
 - Level 6.6(11.6) Armour
 - Level 7.4(12.4) Dodging
 - Level 9.3(14.3) Shields
 - Level 14.1(19.1) Unarmed Combat
 - Level 1.2 Spellcasting
 - Level 2.0 Charms
 - Level 7.3 Translocations
 + Level 8.5 Transmutations
 * Level 7.2 Earth Magic
 - Level 8.5 Invocations
 - Level 5.0 Evocations


You had 7 spell levels left.
You knew the following spells:

 Your Spells              Type           Power        Failure   Level  Hunger
a - Song of Slaying       Chrm           #.......     36%         2    ###....
b - Shroud of Golubria    Chrm/Tloc      ###.......   14%         2    ###....
c - Summon Butterflies    Summ           #.......     50%         1    ##.....
d - Beastly Appendage     Tmut           #####.       2%          1    ##.....
e - Sandblast             Erth           ####..       4%          1    ##.....
q - Regeneration          Chrm/Necr      #.........   73%         3    ####...
A - Apportation           Tloc           ####..       3%          1    ##.....


Dungeon Overview and Level Annotations

Branches:
Dungeon (15/15)            Temple (1/1) D:5            Lair (6/6) D:8
 Shoals (4/4) Lair:4        Snake (4/4) Lair:3        Slime (0/5) Lair:6
    Orc (2/2) D:11            Elf (3/3) Orc:2        Depths (0/5) D:15
 Vaults: D:13-14

Altars:
Cheibriados
Hepliaklqana
Kikubaaqudgha
Okawaru
Ru
Sif Muna
Vehumet
The Shining One
Beogh

Shops:
D:7 (   D:15 !   Orc:2 [=(*   Shoals:3 (   Snake:4 *

Annotations:
D:11 (randart ring, lightning rod)
D:13 vaults
D:15 fire giant ending


Innate Abilities, Weirdness & Mutations

You are too large for most types of armour.
You have claws for hands.
Your metabolism is lightning-fast.
You like to eat raw meat.
Your natural rate of healing is unusually fast.
You are covered in fur. (AC +1)
You have very tough skin. (AC +2)
You are partially covered in rugged brown scales. (AC +1, +3% HP)
You are partially covered in slimy green scales. (AC +2)
Scrolls take you a little longer to read.
You are clumsy. (Dex -2)
Your flesh is very heat resistant. (rF++)
Your muscles are strong. (Str +2)
Your spells are a little harder to cast, but a little more powerful.


Message History

You block the deep elf sorcerer's attack.
The deep elf sorcerer casts a spell at you.
The bolt of acid hits you!
* * * LOW HITPOINT WARNING * * *
The acid corrodes you!
You are splashed with acid!
The acid burns!
* * * LOW HITPOINT WARNING * * *
Unknown command.
You claw the deep elf sorcerer!
The deep elf sorcerer is severely wounded.
The deep elf sorcerer gestures at you while chanting.
The bolt of acid misses you.
You claw the deep elf sorcerer!
The deep elf sorcerer is almost dead.
The deep elf sorcerer wildly gestures.
The deep elf sorcerer shimmers violently.
The deep elf sorcerer gestures at you while chanting.
The bolt of acid hits you!
* * * LOW HITPOINT WARNING * * *
You are splashed with acid!
The acid burns!
You die...

###...#.##.
####(......#.
#...........##.
..............#
...............
...............
...(..))(......
###e###
##.@)).##
###...))..###
#.....(.....#
#.....).....#
#...........#
#.....).....#
#(....))....#
#.....(.....#
###...(...###


You could see a deep elf sorcerer.

Vanquished Creatures
  Bai Suzhen (Snake:4)
  Jorgrun (Snake:4)
  A deep elf master archer (Elf:3)
  7 nagarajas (Snake:4)
  Ilsuiw (Shoals:4)
  A frost giant (Shoals:4)
  An orc warlord (Orc:1)
  4 deep elf sorcerers (Elf:3)
  The ghost of epen the Convoker, a journeyman DrSu of Ashenzari (Orc:2)
  4 deep elf elementalists (Elf:3)
  A stone giant (Orc:2)
  2 deep elf annihilators (Elf:3)
  4 deep elf demonologists (Elf:3)
  4 merfolk impalers
  The ghost of namelastname112 the Covert, a journeyman KoAs of Uskayaw (D:13)
  2 merfolk javelineers (Shoals:4)
  2 deep elf death magi (Elf:3)
  Josephine (Lair:4)
  A minotaur (Lab)
  8 deep elf high priests
  A hydra (Lair:4)
  A merfolk avatar (Shoals:3)
  8 naga warriors
  The ghost of Shiggs the Fighter, a novice NaFi of Okawaru (D:9)
  2 centaur warriors
  4 merfolk aquamancers (Shoals:4)
  4 anacondas
  8 dancing weapons
  A tengu warrior (D:11)
  4 two-headed ogres
  A satyr (Shoals:3)
  3 shock serpents (Snake:4)
  7 naga sharpshooters
  4 orc high priests (Orc:2)
  2 deep elf knights
  Nergalle (Lair:3)
  Sonja (D:15)
  A salamander mystic (Snake:4)
  3 sea snakes
  5 naga ritualists
  5 deep elf archers
  A wizard (D:14)
  A harpy (Shoals:4)
  3 orc knights (Orc:2)
  A necromancer (Lair:5)
  5 mana vipers
  4 manticores
  An ugly thing (D:11)
  6 oklob plants (Lair:2)
  23 deep elf magi
  3 cyclopes
  3 orc sorcerers
  6 fauns (Shoals:3)
  2 elephants (Lair:5)
  3 salamanders
  7 merfolk sirens
  2 water nymphs
  15 black mambas
  A gargoyle (D:11)
  7 guardian serpents (Snake:4)
  13 naga magi
  5 spiny frogs
  3 kobold demonologists
  6 komodo dragons
  A rime drake (Lair:5)
  An efreet (D:11)
  A freezing wraith (D:13)
  6 trolls
  A meliai (D:12)
  9 merfolk
  A hornet (D:10)
  2 wind drakes (Shoals:4)
  Prince Ribbit (D:7)
  8 blink frogs
  11 slime creatures
  2 dream sheep (Shoals:3)
  10 hippogriffs
  5 snapping turtles
  A centaur simulacrum (D:15)
  An air elemental (Elf:2)
  A redback (shapeshifter) (Elf:3)
  2 vampires
  A shadow (D:13)
  20 yaks
  3 water elementals
  3 wraiths (Lair:4)
  The ghost of Nattefrost the Slasher, an amateur FoFi (D:6)
  A fire elemental (Elf:1)
  A hungry ghost (D:8)
  Menkaure (D:5)
  6 wargs
  33 nagas
  A soldier ant (D:12)
  12 water moccasins
  3 porcupines
  23 orc warriors
  5 ice beasts
  2 sky beasts
  A black bear (D:9)
  2 necrophages
  15 ogres
  An eye of draining (D:11)
  4 wolves (Lair:4)
  A phantom (D:8)
  A centaur (D:9)
  11 crocodiles
  A big kobold (D:5)
  16 bullfrogs
  An earth elemental (Elf:3)
  5 scorpions
  11 killer bees
  A howler monkey (D:9)
  An electric eel (Lair:4)
  4 crimson imps
  2 bullfrog zombies
  A centaur zombie (D:10)
  11 orc priests
  7 hounds
  2 bullfrog skeletons (D:12)
  2 centaur skeletons
  2 iguanas
  11 orc wizards
  3 yak simulacra (Lair:5)
  4 worker ants
  2 polar bear simulacra (Lair:5)
  4 wolf simulacra (Lair:5)
  A hound skeleton (D:7)
  A worker ant zombie (D:11)
  11 adders
  3 gnolls (Orc:1)
  3 shadow imps
  2 leopard geckos
  58 orcs
  2 ball pythons
  A bat (D:3)
  A giant cockroach (D:4)
  3 hobgoblins
  6 jackals
  5 kobolds
  A frilled lizard (D:2)
  A goblin (D:2)
  A leopard gecko skeleton (D:4)
  A rat (D:3)
  2 river rat simulacra (Lair:5)
  A fungus (D:8)
  A plant (Shoals:3)
648 creatures vanquished.

Vanquished Creatures (collateral kills)
  A naga ritualist (Snake:4)
1 creature vanquished.

Vanquished Creatures (others)
  2 deep elf master archers (Elf:3)
  A merfolk aquamancer (Shoals:4)
  A satyr (Shoals:3)
  A deep elf knight (Elf:1)
  A cyclops (Shoals:3)
  A faun (Shoals:3)
  A manticore (Shoals:3)
  13 fungi
  5 plants
26 creatures vanquished.

Grand Total: 675 creatures vanquished

Notes
Turn   | Place    | Note
-------+----------+-------------------------------------------
     0 | D:1      | Leszczynek the Troll Skald began the quest for the Orb.
     0 | D:1      | Reached XP level 1. HP: 19/19 MP: 1/1
    74 | D:2      | Reached XP level 2. HP: 26/27 MP: 2/2
    80 | D:2      | Learned a level 2 spell: Shroud of Golubria
    97 | D:2      | Reached skill level 3 in Unarmed Combat
   271 | D:4      | Reached XP level 3. HP: 27/33 MP: 0/3
   429 | D:4      | Reached skill level 4 in Unarmed Combat
   483 | D:5      | Entered Level 5 of the Dungeon
   495 | D:5      | Found a staircase to the Ecumenical Temple.
   520 | D:5      | Reached XP level 4. HP: 41/41 MP: 1/4
   529 | D:5      | Noticed an ogre
   541 | D:5      | Killed an ogre
   541 | D:5      | Reached skill level 5 in Unarmed Combat
   541 | D:5      | Reached XP level 5. HP: 48/48 MP: 1/5
   549 | Temple   | Entered the Ecumenical Temple
   587 | Temple   | Became a worshipper of Warmaster Okawaru
   634 | D:5      | Noticed Menkaure
   635 | D:5      | Noticed a sky beast
   643 | D:5      | Killed Menkaure
   643 | D:5      | Reached skill level 6 in Unarmed Combat
   643 | D:5      | Reached XP level 6. HP: 45/55 MP: 1/6
   651 | D:5      | Killed a sky beast
   651 | D:5      | Reached skill level 7 in Unarmed Combat
   682 | D:5      | Reached * piety under Okawaru
   905 | D:5      | Reached skill level 2 in Fighting
   905 | D:5      | Reached XP level 7. HP: 55/65 MP: 7/7
   946 | D:6      | Noticed Nattefrost's ghost (amateur FoFi)
   972 | D:6      | Killed Nattefrost's ghost
  1005 | D:7      | Found Nujiump's Antique Weapon Emporium.
  1012 | D:7      | Reached skill level 3 in Fighting
  1092 | D:7      | Learned a level 2 spell: Song of Slaying
  1202 | D:8      | Reached skill level 8 in Unarmed Combat
  1204 | D:8      | Reached ** piety under Okawaru
  1204 | D:8      | Reached skill level 4 in Fighting
  1214 | D:8      | Reached XP level 8. HP: 79/79 MP: 6/8
  1277 | D:8      | Found a staircase to the Lair.
  1332 | D:8      | Reached skill level 5 in Fighting
  1374 | D:7      | Noticed Prince Ribbit
  1382 | D:8      | Reached skill level 1 in Shields
  1431 | D:7      | Killed Prince Ribbit
  1431 | D:7      | Reached *** piety under Okawaru
  1431 | D:7      | Reached skill level 2 in Shields
  1435 | D:7      | Reached skill level 9 in Unarmed Combat
  1602 | D:6      | Reached skill level 3 in Shields
  1644 | D:7      | Gained mutation: Your muscles are strong. (Str +2) [mutagenic meat]
  1647 | D:7      | Gained mutation: You are clumsy. (Dex -2) [mutagenic meat]
  1648 | D:7      | Gained mutation: Your flesh is heat resistant. (rF+) [mutagenic meat]
  1649 | D:7      | Gained mutation: Scrolls take you a little longer to read. [mutagenic meat]
  1696 | D:8      | Reached XP level 9. HP: 83/88 MP: 6/9
  1765 | D:9      | Reached skill level 4 in Shields
  1830 | D:9      | Noticed a two-headed ogre
  1833 | D:9      | Killed a two-headed ogre
  1833 | D:9      | Reached **** piety under Okawaru
  1833 | D:9      | Reached skill level 2 in Dodging
  1833 | D:9      | Reached skill level 5 in Shields
  1880 | D:10     | Entered Level 10 of the Dungeon
  1951 | D:10     | Reached skill level 3 in Dodging
  2071 | D:10     | Reached skill level 10 in Unarmed Combat
  2075 | D:10     | Reached skill level 1 in Invocations
  2097 | D:10     | HP: 17/88 [poisoned by a scorpion]
  2238 | D:10     | Reached skill level 2 in Invocations
  2250 | D:10     | Reached ***** piety under Okawaru
  2258 | D:10     | Reached skill level 6 in Shields
  2258 | D:10     | Reached skill level 3 in Invocations
  2258 | D:10     | Reached XP level 10. HP: 65/96 MP: 9/11
  2274 | D:10     | Received a gift from Okawaru
  2275 | D:10     | Got a shimmering longbow {god gift}
  2323 | D:9      | Reached skill level 4 in Invocations
  2352 | D:9      | Noticed Shiggs's ghost (novice NaFi)
  2441 | D:10     | You fall through a shaft for 3 floors!
  2454 | D:13     | Reached skill level 5 in Invocations
  2516 | D:11     | Found a staircase to the Orcish Mines.
  2522 | D:11     | Found a roughly hewn altar of Beogh.
  2612 | D:10     | Reached skill level 6 in Invocations
  2725 | D:11     | Found a glowing golden altar of the Shining One.
  2824 | D:12     | Reached skill level 7 in Invocations
  2826 | D:12     | Noticed a two-headed ogre
  2874 | D:12     | Killed a two-headed ogre
  2874 | D:12     | Reached skill level 8 in Invocations
  2917 | D:12     | Learned a level 1 spell: Apportation
  2923 | D:12     | Learned a level 1 spell: Summon Butterflies
  2928 | D:12     | Learned a level 3 spell: Regeneration
  2965 | D:11     | Received a gift from Okawaru
  3008 | D:11     | Found a transporter.
  3157 | D:11     | Identified the +2 longbow "Cajofeovi" {god gift, venom, rC+ Int+3} (Okawaru gifted it to you on level 10 of the Dungeon)
  3302 | D:12     | Noticed a cyclops
  3322 | D:12     | Reached XP level 11. HP: 102/102 MP: 16/16
  3459 | D:13     | Noticed namelastname112's ghost (journeyman KoAs)
  3487 | D:13     | Killed namelastname112's ghost
  3487 | D:13     | Reached skill level 1 in Throwing
  3580 | D:14     | Reached skill level 2 in Throwing
  3645 | D:14     | HP: 12/104 [water elemental (13)]
  3649 | D:14     | HP: 5/104 [drowned by a water elemental (4)]
  3754 | D:14     | Noticed a wizard
  3761 | D:14     | Killed a wizard
  3761 | D:14     | Reached skill level 3 in Throwing
  3866 | D:15     | Entered Level 15 of the Dungeon
  3923 | D:15     | Noticed a skeletal warrior
  3925 | D:15     | Noticed a skeletal warrior
  3930 | D:14     | Reached skill level 4 in Throwing
  3975 | D:14     | Reached skill level 6 in Fighting
  4103 | D:15     | Found Qesoddy's Distillery.
  4118 | D:15     | Bought a potion of might for 64 gold pieces
  4118 | D:15     | Bought a potion of agility for 64 gold pieces
  4118 | D:15     | Bought a potion of lignification for 48 gold pieces
  4118 | D:15     | Bought a potion of curing for 48 gold pieces
  4118 | D:15     | Bought a potion of curing for 48 gold pieces
  4118 | D:15     | Bought a potion of curing for 48 gold pieces
  4118 | D:15     | Bought a potion of heal wounds for 80 gold pieces
  4155 | D:15     | Found a labyrinth entrance.
  4160 | Lab      | Entered a labyrinth
  4341 | Lab      | Noticed a minotaur
  4351 | Lab      | Killed a minotaur
  4351 | Lab      | Reached skill level 7 in Shields
  4359 | Lab      | Got a crude glass ring
  4374 | Lab      | Identified the ring "Meity" {Ice MR+ Str+2 Dex-2} (You found it in a labyrinth)
  4378 | Lab      | Got a jewelled double sword
  4379 | Lab      | Identified the +4 double sword of the Six Dreams {freeze, Dex+5} (You found it in a labyrinth)
  4389 | D:15     | Reached skill level 5 in Throwing
  4423 | D:15     | Noticed a two-headed ogre
  4431 | D:15     | Killed a two-headed ogre
  4431 | D:15     | Received a gift from Okawaru
  4431 | D:15     | Reached skill level 11 in Unarmed Combat
  4432 | D:15     | Noticed a deep elf mage
  4442 | D:15     | Killed a deep elf mage
  4461 | D:15     | Noticed Sonja
  4467 | D:15     | Killed Sonja
  4467 | D:15     | Reached XP level 12. HP: 109/114 MP: 17/17
  4645 | D:14     | Noticed a centaur warrior
  4664 | D:14     | Killed a centaur warrior
  4664 | D:14     | Reached skill level 6 in Throwing
  4664 | D:14     | Reached skill level 4 in Dodging
  4857 | D:12     | Received a gift from Okawaru
  4955 | D:11     | Noticed a tengu warrior
  4968 | D:11     | Killed a tengu warrior
  5009 | D:11     | Received a gift from Okawaru
  5034 | Orc:1    | Entered Level 1 of the Orcish Mines
  5180 | Orc:2    | Entered Level 2 of the Orcish Mines
  5205 | Orc:2    | Noticed an orc high priest
  5225 | Orc:2    | Noticed epen's ghost (journeyman DrSu)
  5281 | Orc:2    | Killed epen's ghost
  5281 | Orc:2    | Reached skill level 7 in Fighting
  5281 | Orc:2    | Reached skill level 7 in Throwing
  5358 | Orc:2    | Noticed an orc high priest
  5420 | Orc:2    | Noticed an orc warlord
  5494 | Orc:1    | Killed an orc warlord
  5494 | Orc:1    | Received a gift from Okawaru
  5494 | Orc:1    | Reached skill level 5 in Dodging
  5505 | Orc:2    | Killed an orc high priest
  5610 | Orc:2    | Found Leanonyf's Antique Armour Shoppe.
  5611 | Orc:2    | Noticed an orc high priest
  5627 | Orc:2    | Killed an orc high priest
  5627 | Orc:2    | Reached skill level 8 in Throwing
  5653 | Orc:2    | Killed an orc high priest
  5714 | Orc:2    | Noticed an orc high priest
  5723 | Orc:2    | Found Kigar's Jewellery Emporium.
  5754 | Orc:2    | Killed an orc high priest
  5754 | Orc:2    | Reached skill level 8 in Shields
  5754 | Orc:2    | Reached XP level 13. HP: 98/125 MP: 15/18
  5763 | Orc:2    | Found a staircase to the Elven Halls.
  5834 | Orc:2    | Found Ulesh's General Store.
  5908 | Orc:2    | Found Xudomialan's Antique Weapon Shoppe.
  5955 | Orc:2    | Noticed a stone giant
  5960 | Orc:2    | Killed a stone giant
  6380 | Orc:2    | Bought the ring of the Tormentor {rN++ Str+4 Int+3 Dex+3} for 862 gold pieces
  6408 | Elf:1    | Entered Level 1 of the Elven Halls
  6428 | Elf:1    | Reached skill level 8 in Fighting
  6428 | Elf:1    | Reached skill level 6 in Dodging
  6452 | Elf:1    | >distant wind
  6452 | Elf:1    | i fucked up
  6483 | Elf:1    | Reached skill level 12 in Unarmed Combat
  6504 | Elf:1    | there's no way i can actually do it
  6527 | Elf:1    | Reached skill level 9 in Shields
  6716 | D:11     | Received a gift from Okawaru
  6758 | D:11     | Found a transporter.
  6810 | D:11     | Got a shimmering silver ring
  6812 | D:11     | Identified the ring "Riptowot" {-Tele rPois rF+ Str+3 Dex+9} (You found it on level 11 of the Dungeon)
  6813 | D:11     | -tele is awful though
  6890 | D:9      | Killed Shiggs's ghost
  7033 | Lair:1   | Entered Level 1 of the Lair of Beasts
  7394 | Lair:3   | Learned a level 1 spell: Beastly Appendage
  7598 | Lair:4   | Found a staircase to the Shoals.
  7770 | Lair:4   | Reached skill level 1 in Transmutations
  7869 | Lair:3   | Received a gift from Okawaru
  7978 | Lair:3   | Noticed Nergalle
  7985 | Lair:3   | Killed Nergalle
  7985 | Lair:3   | Received a gift from Okawaru
  8047 | Lair:3   | You fall through a shaft for 2 floors!
  8113 | Lair:5   | Reached XP level 14. HP: 115/136 MP: 19/19
  8217 | Lair:6   | Entered Level 6 of the Lair of Beasts
  8217 | Lair:6   | Found a staircase to the Slime Pits.
  8229 | Lair:6   | Reached skill level 7 in Dodging
  8312 | Lair:5   | Reached skill level 13 in Unarmed Combat
  8312 | Lair:5   | Reached skill level 2 in Transmutations
  8912 | Lair:4   | Noticed Josephine
  8925 | Lair:4   | Killed Josephine
  8925 | Lair:4   | Received a gift from Okawaru
  8933 | Lair:4   | Reached skill level 3 in Transmutations
  9049 | Lair:4   | where THE FUCK is the other one
  9078 | Lair:4   | Reached skill level 9 in Fighting
  9332 | Lair:2   | Received a gift from Okawaru
  9394 | Lair:2   | amazing waste of time
  9461 | Lair:3   | Found a staircase to the Snake Pit.
  9466 | Lair:3   | oh please
  9466 | Lair:3   | vaultless entrance in the corner
  9470 | Snake:1  | Entered Level 1 of the Snake Pit
  9483 | Snake:1  | Reached skill level 1 in Evocations
  9497 | Lair:3   | Reached skill level 2 in Evocations
  9514 | Lair:3   | Reached skill level 3 in Evocations
  9614 | Snake:1  | Received a gift from Okawaru
  9678 | Snake:2  | Reached skill level 4 in Evocations
  9746 | Snake:4  | Entered Level 4 of the Snake Pit
  9802 | Snake:4  | Gained mutation: Your spells are a little harder to cast, but a little more powerful. [mutagenic meat]
  9829 | Snake:4  | Noticed Jorgrun
  9848 | Snake:4  | Killed Jorgrun
  9848 | Snake:4  | Reached skill level 4 in Transmutations
  9961 | Snake:4  | Reached skill level 5 in Evocations
  9963 | Snake:4  | Received a gift from Okawaru
  9983 | Snake:4  | Got scorched ice dragon scales {god gift}
 10026 | Snake:4  | Identified the +0 ice dragon scales of Restlessness {god gift, +Fly rPois rF- rC++ Dex+4} (Okawaru gifted it to you on level 4 of the Snake Pit)
 10080 | Snake:4  | Found Rearoud's Assorted Antiques.
 10089 | Snake:4  | Bought a runed cloak for 210 gold pieces
 10089 | Snake:4  | Bought a scroll labeled NIRGHA XEISARA for 28 gold pieces
 10195 | Snake:4  | Reached skill level 1 in Armour
 10213 | Snake:4  | Reached skill level 2 in Armour
 10224 | Snake:4  | Reached ****** piety under Okawaru
 10229 | Snake:4  | Noticed a nagaraja
 10240 | Snake:4  | Reached skill level 3 in Armour
 10241 | Snake:4  | Noticed a nagaraja
 10244 | Snake:4  | Reached XP level 15. HP: 93/145 MP: 9/20
 10256 | Snake:4  | Reached skill level 4 in Armour
 10271 | Snake:4  | Killed a nagaraja
 10280 | Snake:4  | HP: 43/219 [black mamba (10)]
 10285 | Snake:4  | HP: 33/219 [nagaraja/spear (7)]
 10286 | Snake:4  | Reached skill level 5 in Armour
 10290 | Snake:4  | HP: 43/219 [poisoned by a nagaraja (poison arrow)]
 10295 | Snake:4  | HP: 35/219 [poisoned by a nagaraja (splash of poison)]
 10301 | Snake:4  | HP: 24/146 [poisoned by a naga (splash of poison)]
 10306 | Snake:4  | HP: 25/146 [poisoned by a naga (splash of poison)]
 10311 | Snake:4  | HP: 27/146 [poisoned by a naga (splash of poison)]
 10316 | Snake:4  | HP: 19/146 [black mamba (5)]
 10321 | Snake:4  | HP: 17/146 [poisoned by a black mamba]
 10332 | Snake:4  | HP: 20/146 [black mamba (6)]
 10338 | Snake:4  | HP: 19/146 [poisoned by a black mamba]
 10344 | Snake:4  | HP: 22/219 [black mamba (4)]
 10346 | Snake:4  | Killed a nagaraja
 10353 | Snake:4  | HP: 22/219 [poisoned by a naga (splash of poison)]
 10356 | Snake:4  | Reached skill level 6 in Armour
 10359 | Snake:4  | HP: 17/146 [poisoned by a naga (splash of poison)]
 10364 | Snake:4  | HP: 15/146 [naga/long sword of holy wrath (2)]
 10535 | Snake:4  | Noticed Bai Suzhen
 10551 | Snake:4  | Noticed a nagaraja
 10566 | Snake:4  | Received a gift from Okawaru
 10566 | Snake:4  | Reached skill level 5 in Transmutations
 10585 | Snake:4  | Killed Bai Suzhen
 10585 | Snake:4  | Received a gift from Okawaru
 10593 | Snake:4  | Killed a nagaraja
 10602 | Snake:4  | Got a blackened hat {god gift}
 10611 | Snake:4  | Identified the +0 hat of the Foremost Wars {god gift, rC+ MR- Str+3} (Okawaru gifted it to you on level 4 of the Snake Pit)
 10667 | Snake:4  | Noticed a nagaraja
 10673 | Snake:4  | Killed a nagaraja
 10707 | Snake:4  | Noticed a nagaraja
 10720 | Snake:4  | Killed a nagaraja
 10720 | Snake:4  | Reached skill level 6 in Transmutations
 10739 | Snake:4  | Noticed a nagaraja
 10779 | Snake:4  | Killed a nagaraja
 10807 | Snake:4  | Gained mutation: Your flesh is very heat resistant. (rF++) [mutagenic meat]
 10809 | Snake:4  | Gained mutation: You are partially covered in rugged brown scales. (AC +1, +3% HP) [mutagenic meat]
 10810 | Snake:4  | Gained mutation: You are partially covered in slimy green scales. (AC +2) [mutagenic meat]
 10885 | Snake:4  | Noticed a nagaraja
 10895 | Snake:4  | HP: 30/152 [nagaraja/bolt of poison (18)]
 10896 | Snake:4  | Killed a nagaraja
 10900 | Snake:4  | HP: 15/153 [poisoned by a naga ritualist (toxic radiance)]
 10906 | Snake:4  | HP: 15/153 [poisoned by a naga (splash of poison)]
 10911 | Snake:4  | HP: 16/153 [poisoned by a naga (splash of poison)]
 10919 | Snake:4  | HP: 19/153 [poisoned by a naga (splash of poison)]
 10927 | Snake:4  | HP: 23/153 [poisoned by a naga (splash of poison)]
 11042 | Snake:4  | Got a serpentine rune of Zot
 11106 | Snake:4  | Reached skill level 7 in Transmutations
 11245 | Shoals:1 | Entered Level 1 of the Shoals
 11393 | Shoals:1 | Learned a level 1 spell: Sandblast
 11588 | Shoals:3 | Reached skill level 1 in Earth Magic
 11588 | Shoals:3 | Reached XP level 16. HP: 162/162 MP: 21/21
 11681 | Shoals:3 | Reached skill level 2 in Earth Magic
 11732 | Shoals:3 | Received a gift from Okawaru
 11745 | Shoals:3 | Reached skill level 10 in Fighting
 11768 | Shoals:3 | Identified a scroll of acquirement
 11811 | Shoals:3 | Found Cehepsai's Antique Weapon Shop.
 11846 | Shoals:4 | Entered Level 4 of the Shoals
 11896 | Shoals:4 | Identified the Guide on the Rocks and Snow
 11950 | Shoals:4 | Reached skill level 1 in Translocations
 11979 | Shoals:4 | Got a slimy silver ring
 11981 | Shoals:4 | Identified the ring "Gudinoul" {rElec MR- Int+6 Dex+6} (You acquired it on level 4 of the Shoals)
 12034 | Shoals:4 | Reached skill level 2 in Translocations
 12035 | Shoals:4 | Noticed Ilsuiw
 12075 | Shoals:4 | Killed Ilsuiw
 12075 | Shoals:4 | Reached skill level 3 in Translocations
 12231 | Shoals:4 | Reached skill level 4 in Translocations
 12339 | Shoals:4 | Reached skill level 5 in Translocations
 12350 | Shoals:4 | Got a barnacled rune of Zot
 12806 | Elf:1    | Reached skill level 6 in Translocations
 13005 | Elf:1    | Received a gift from Okawaru
 13101 | Elf:1    | Reached skill level 7 in Translocations
 13312 | Elf:3    | Entered Level 3 of the Elven Halls
 13320 | Elf:3    | Reached skill level 3 in Earth Magic
 13574 | Elf:3    | Reached skill level 14 in Unarmed Combat
 13605 | Elf:3    | Reached skill level 4 in Earth Magic
 13691 | Elf:3    | Reached XP level 17. HP: 170/170 MP: 22/22
 13701 | Elf:3    | Noticed a Tzitzimitl
 13719 | Elf:3    | Reached skill level 8 in Transmutations
 13743 | Elf:3    | Reached skill level 5 in Earth Magic
 13786 | Elf:3    | Noticed a deep elf master archer
 13792 | Elf:3    | Killed a deep elf master archer
 13792 | Elf:3    | Received a gift from Okawaru
 13793 | Elf:3    | Found the +1 cloak of Starlight {god gift, rElec rC+ EV+4 Stlth--}
 13793 | Elf:3    | ooh
 13849 | Elf:3    | Reached skill level 6 in Earth Magic
 13850 | Elf:3    | Noticed a deep elf master archer
 13854 | Elf:3    | Noticed a deep elf master archer
 13860 | Elf:3    | Killed a deep elf master archer
 13866 | Elf:3    | Killed a deep elf master archer
 13868 | Elf:3    | Killed a ghostly deep elf master archer
 13890 | Elf:3    | Reached skill level 7 in Earth Magic
 13907 | Elf:3    | HP: 31/170 [deep elf sorcerer/bolt of acid (26)]
 13909 | Elf:3    | HP: 8/170 [deep elf sorcerer/bolt of acid (10)]
 13909 | Elf:3    | Splashed by a deep elf sorcerer's acid

Vault maps used:
D:1:      minmay_arrival_loop, hangedman_decor_push
D:2:      wad_woods_settlement, lemuel_coloured_pillars_altar, first_bread,
          amethyst_killhole, kennysheep_generic_room_14
D:3:      serial_forest, infiniplex_forest_zigzag_1,
          infiniplex_forest_lined_corner, infiniplex_forest_clump_tiny,
          infiniplex_forest_straight_5, infiniplex_forest_end_2,
          infiniplex_forest_zigzag_1, infiniplex_forest_diagonal, fedhas_altar_1
D:4:      old_forge, uniq_grinder, uniq_crazy_yiuf_cottage, uniq_ijyb,
          uniq_edmund
D:5:      cheibrodos_thug_alley, overflow_temple_1_default, temple_pool_b,
          uniq_menkaure
D:7:      nicolae_qazlal_style_of_elements, grunt_temple_overflow_open,
          serial_shops, nicolae_shop_competitors_out_of_business,
          uniq_prince_ribbit1
D:8:      dpeg_oklobed_lair, hangedman_pestilent_swarm, hangedman_glass_teeth,
          minmay_misc_feat_alley
D:11:     gammafunk_the_bubble, minmay_orc_entry_temple_small, tso_metal_star
D:13:     lightli_vaults_fourway_checkpoint, nicolae_trove_entry_path_of_doom,
          uniq_rupert
D:15:     grunt_enter_depths_giant_problem, lab_entry_generic,
          minmay_misc_feat_secret_circle, serial_shops, shop, uniq_sonja
Temple:   minmay_crystal_spiral_temple
Lair:1:   lemuel_old_faithful, grunt_megastairs_3, uniq_fannar
Lair:2:   disabler_island, grunt_megastairs_2, minmay_lair_oklob_chamber
Lair:3:   dummy_snake_entry, uniq_nergalle
Lair:4:   minmay_shoals_entry_hut, grunt_megastairs_5, uniq_josephine
Lair:5:   eino_house_with_fridge
Lair:6:   gammafunk_lair_ancient_temple, slime_dummy, minmay_hedge_maze
Shoals:3: serial_shops, nicolae_shop_window_shopping
Shoals:4: shoals_end_grunt_ice, shoals_ilsuiw_ice
Snake:1:  uniq_nikola, uniq_aizul
Snake:2:  grunt_ministairs_15, abandoned_shop, hangedman_snake_corridor_cut,
          lemuel_fruit_tree
Snake:3:  nicolae_snake_nest
Snake:4:  johnstein_snake_rune_scales, serial_shops,
          nicolae_shop_temple_entry_statues_fountains, uniq_jorgrun,
          uniq_bai_suzhen
Orc:2:    grunt_orc_gardens, grunt_orc_garden, grunt_orc_garden,
          grunt_orc_garden, grunt_orc_garden
Elf:1:    minmay_elf_arrival_circle, portal_desolation_entry_nicolae_slug,
          kennysheep_underground_church
Elf:3:    minmay_elf_hall_hex, serial_shops, shop, shop, nicolae_shop_trees,
          nicolae_shop_trees, shop
Lab:      labyrinth_skeletal_remains, nicolae_lab_diamond

Skill      XL: |  1  2  3  4  5  6  7  8  9 10 11 12 13 14 15 16 17 |
---------------+----------------------------------------------------+-----
Unarmed Combat | 3 4 5 6 7 8 9 10 11 12 13 14 | 14.1
Fighting       | 2 4 5 6 7 8 9 10 | 10.0
Shields        | 3 6 7 8 9 |  9.3
Dodging        | 3 5 6 7 |  7.4
Invocations    | 3 8 |  8.5
Throwing       | 5 8 |  8.0
Transmutations | 1 4 7 8 |  8.5
Evocations     | 5 |  5.0
Armour         | 3 6 |  6.6
Earth Magic    | 1 4 7 |  7.2
Translocations | 7 |  7.3
Spellcasting   | |  1.2
Charms         | |  2.0

Action                   |  1- 3 |  4- 6 |  7- 9 | 10-12 | 13-15 | 16-18 || total
-------------------------+-------+-------+-------+-------+-------+-------++-------
Melee: Unarmed           |    80 |    65 |   276 |   604 |  1034 |   486 ||  2545
       Punch             |     1 |     3 |     3 |       |       |       ||     7
Throw: Tomahawk          |       |       |       |       |     4 |       ||     4
       Large rock        |       |       |       |       |    27 |    13 ||    40
 Cast: Shroud of Golubri |     1 |     2 |     5 |     1 |     3 |       ||    12
       Apportation       |       |       |       |       |    10 |    20 ||    30
Invok: Heroism           |       |       |     6 |    23 |    28 |    13 ||    70
       Finesse           |       |       |       |     3 |    10 |     3 ||    16
Evoke: Wand              |       |     2 |       |     2 |    10 |     3 ||    17
       Phial of floods   |       |       |       |       |     1 |       ||     1
       Lamp of fire      |       |       |       |       |       |     2 ||     2
  Use: Scroll            |     1 |     1 |       |    11 |    12 |     7 ||    32
       Potion            |       |       |       |       |    17 |     3 ||    20
 Stab: Sleeping          |     1 |       |       |     1 |     1 |       ||     3
       Paralysed         |       |       |       |     1 |     4 |       ||     5
  Eat: Chunk             |    10 |     4 |    24 |    33 |    50 |    23 ||   144
       Fruit             |       |       |       |       |     6 |       ||     6
       Royal jelly       |       |       |       |       |     3 |       ||     3
Armor: Robe              |    33 |    16 |    51 |    30 |       |       ||   130
       Acid dragon scale |       |       |       |    38 |       |       ||    38
       Troll leather arm |       |       |       |     5 |    61 |       ||    66
       Ice dragon scales |       |       |       |       |    40 |   110 ||   150
       Skin              |       |       |       |       |    43 |     5 ||    48
       Storm dragon scal |       |       |       |       |    27 |       ||    27
Dodge: Dodged            |    43 |    26 |    76 |   110 |   258 |   147 ||   660
Block: Other             |       |       |     8 |       |       |       ||     8
       Shield            |       |       |    79 |   317 |   730 |   368 ||  1494
       Reflection        |       |       |       |    10 |    63 |    51 ||   124

Table legend:
 A = Spawn XP
 B = Non-spawn XP
 C = Spawn XP percentage of total XP
 D = Spawn monster count
 E = Non-spawn monster count
 F = Spawn count percentage of total count
 G = Total turns spent on level
                    A         B        C        D         E        F      G
               +---------+---------+-------+---------+---------+-------+---------
         Total |   15397 |  228364 |   6.3 |      42 |     613 |   6.4 | 13909
               +---------+---------+-------+---------+---------+-------+---------
           D:2 |       0 |      24 |   0.0 |       0 |       7 |   0.0 |   129
           D:3 |       0 |       3 |   0.0 |       0 |       2 |   0.0 |    81
           D:4 |       0 |      63 |   0.0 |       0 |       6 |   0.0 |   241
           D:5 |      48 |     623 |   7.2 |       1 |      15 |   6.2 |   339
           D:6 |       0 |     410 |   0.0 |       0 |      12 |   0.0 |   183
           D:7 |      13 |     598 |   2.1 |       1 |       7 |  12.5 |   342
           D:8 |     130 |     930 |  12.3 |       2 |      20 |   9.1 |   365
           D:9 |       0 |    2566 |   0.0 |       0 |      19 |   0.0 |   374
          D:10 |     476 |    2400 |  16.6 |       4 |      28 |  12.5 |   783
          D:11 |       0 |    4830 |   0.0 |       0 |      37 |   0.0 |   647
          D:12 |     317 |    3916 |   7.5 |       1 |      19 |   5.0 |   530
          D:13 |     344 |    2066 |  14.3 |       1 |       6 |  14.3 |   304
          D:14 |     226 |    6143 |   3.5 |       3 |      20 |  13.0 |   609
          D:15 |       0 |    3322 |   0.0 |       0 |      10 |   0.0 |   297
        Lair:1 |       0 |     475 |   0.0 |       0 |       2 |   0.0 |    61
        Lair:2 |     103 |    7818 |   1.3 |       1 |      26 |   3.7 |   766
        Lair:3 |     101 |    5229 |   1.9 |       1 |      12 |   7.7 |   744
        Lair:4 |       0 |    7656 |   0.0 |       0 |      33 |   0.0 |   788
        Lair:5 |     367 |    4625 |   7.4 |       1 |      24 |   4.0 |   260
        Lair:6 |     151 |     565 |  21.1 |       1 |       2 |  33.3 |    38
      Shoals:1 |       0 |    4291 |   0.0 |       0 |       7 |   0.0 |   264
      Shoals:2 |       0 |     812 |   0.0 |       0 |       2 |   0.0 |    90
      Shoals:3 |    1264 |    9170 |  12.1 |       2 |      17 |  10.5 |   391
      Shoals:4 |       0 |   21219 |   0.0 |       0 |      34 |   0.0 |   541
       Snake:1 |     247 |    4218 |   5.5 |       1 |      10 |   9.1 |   127
       Snake:2 |       0 |    1504 |   0.0 |       0 |       3 |   0.0 |    66
       Snake:4 |    5709 |   54723 |   9.4 |      10 |      83 |  10.8 |  1404
         Orc:1 |       0 |    3682 |   0.0 |       0 |      27 |   0.0 |   443
         Orc:2 |    1332 |   13836 |   8.8 |       5 |      59 |   7.8 |  1007
         Elf:1 |    3665 |   14498 |  20.2 |       6 |      22 |  21.4 |   614
         Elf:2 |       0 |    3529 |   0.0 |       0 |       7 |   0.0 |   121
         Elf:3 |     904 |   41549 |   2.1 |       1 |      34 |   2.9 |   597
           Lab |       0 |    1071 |   0.0 |       0 |       1 |   0.0 |   222
               +---------+---------+-------+---------+---------+-------+---------
